 Dungeon Crawl Stone Soup version 0.22-a0-396-g3f858e3 (console) character file.

159539 vegansnacktivist the Peltast (level 17, -1/154 HPs)
             Began as a Deep Dwarf Fighter on May 3, 2018.
             Was a High Priest of Makhleb.
             Slain by a jumping spider (20 damage)
             ... on level 1 of the Spider Nest.
             The game lasted 00:48:07 (19169 turns).

vegansnacktivist the Peltast (Deep Dwarf Fighter)  Turns: 19169, Time: 00:48:07

Health: -1/154     AC: 25    Str: 27    XL:     17   Next: 16%
Magic:  7/7        EV:  9    Int: 10    God:    Makhleb [*****.]
Gold:   2039       SH:  0    Dex: 15    Spells: 16/16 levels left

rFire    . . .     SeeInvis +   E - +1 war axe (elec)
rCold    . . .     Gourm    .   c - +2 shield
rNeg     + . .     Faith    .   d - +2 chain mail {rPois}
rPois    +         Spirit   .   H - +2 helmet
rElec    +         Reflect  .   r - +0 cloak
rCorr    +         Harm     .   b - +2 pair of gloves {Dex+3}
MR       ++...                  X - +2 pair of boots
Stlth    ..........             D - amulet of the Nightingale {RegenMP rF- Int+3 Slay+4 SInv}
HPRegen  0.00/turn              R - ring of resist corrosion
MPRegen  0.35/turn              B - ring of protection from fire

@: held, non-regenerating
A: damage resistance, heal wounds, dopey 1, negative energy resistance 1, sense
surroundings 2, electricity resistance, no regeneration
a: Heal Wounds, Minor Destruction, Lesser Servant of Makhleb, Major Destruction,
Greater Servant of Makhleb, Renounce Religion


You were on level 1 of the Spider Nest.
You worshipped Makhleb.
Makhleb was extremely pleased with you.
You were not hungry.

You visited 5 branches of the dungeon, and saw 25 of its levels.
You also visited: Trove.

You collected 2683 gold pieces.
You spent 644 gold pieces at shops.

Inventory:

Hand Weapons
 E - a +1 war axe of electrocution (weapon)
Missiles
 h - 6 javelins of returning
 M - 7 throwing nets
Armour
 b - a +2 pair of gloves of dexterity (worn)
 c - a +2 shield (worn)
 d - a +2 chain mail of poison resistance (worn)
 r - a +0 cloak (worn)
 H - a +2 helmet (worn)
 X - a +2 pair of boots (worn)
Jewellery
 B - a ring of protection from fire (right hand)
 D - the amulet of the Nightingale (around neck) {RegenMP rF- Int+3 Slay+4 SInv}
   (You found it in a treasure trove)

   [amulet of magic regeneration]

   It increases your magic regeneration.
   It affects your intelligence (+3).
   It affects your accuracy and damage with ranged weapons and melee attacks
   (+4).
   It makes you vulnerable to fire.
   It lets you see invisible.
 R - a ring of resist corrosion (left hand)
Wands
 q - a wand of polymorph (26)
 v - a wand of iceblast (25)
 C - a wand of clouds (3)
 F - a wand of flame (23)
 J - a wand of acid (3)
 S - a wand of disintegration (21)
 T - a wand of digging (8)
Scrolls
 e - 9 scrolls of remove curse
 i - 4 scrolls of enchant weapon
 k - a scroll of teleportation
 m - 2 scrolls of fog
 n - 4 scrolls of acquirement {unknown}
 o - 4 scrolls of immolation
 u - 2 scrolls of fear
 x - 4 scrolls of enchant armour
 y - a scroll of magic mapping {unknown}
 A - 2 scrolls of blinking
 W - 2 scrolls of amnesia {unknown}
Potions
 g - 5 potions of haste
 j - 3 potions of flight
 s - 2 potions of resistance
 t - 4 potions of magic
 w - 2 potions of agility
 L - a potion of cancellation
 O - a potion of heal wounds
 Y - 4 potions of might
Miscellaneous
 a - a lamp of fire
 z - a sack of spiders
 N - a box of beasts
 Q - 2 phantom mirrors
Comestibles
 f - 36 rations


   Skills:
 - Level 10.6 Fighting
 + Level 13.6 Axes
 - Level 10.9 Armour
 - Level 13.1 Dodging
 - Level 15.0 Shields
 - Level 15.0 Invocations
 - Level 10.5 Evocations


You had 16 spell levels left.
You didn't know any spells.

Dungeon Overview and Level Annotations

Branches:
Dungeon (15/15)            Temple (1/1) D:4            Lair (6/6) D:9
 Shoals (0/4) Lair:4       Spider (1/4) Lair:2        Slime (0/5) Lair:5
    Orc (2/2) D:9             Elf (0/3) Orc:2        Vaults (0/5) D:14
 Depths (0/5) D:15

Altars:
Ashenzari
Cheibriados
Dithmenos
Elyvilon
Fedhas
Gozag
Hepliaklqana
Kikubaaqudgha
Makhleb
Nemelex Xobeh
Okawaru
Qazlal
Ru
Sif Muna
Trog
Uskayaw
Vehumet
Wu Jian
Xom
Yredelemnul
Zin
The Shining One
Beogh
Jiyva

Shops:
Orc:2 (:*}

Annotations:
D:4 2 transporters


Innate Abilities, Weirdness & Mutations

You are resistant to damage.
You can heal yourself by infusing magical energy.
You resist negative energy. (rN+)
You passively map the area around you.
You do not regenerate.
You are dopey. (Int -2)
You are resistant to electric shocks. (rElec)


Message History

The tarantella bites you!!
* * * LOW HITPOINT WARNING * * *
You are confused.
You feel better.
The wolf spider hits you but does no damage.
The wolf spider bites you but does no damage.
The jumping spider pounces on you!
* * * LOW HITPOINT WARNING * * *
You are even more entangled.
The jumping spider bites you!
* * * LOW HITPOINT WARNING * * *
The tarantella bites you but does no damage.
The wolf spider hits you but does no damage.
The wolf spider bites you.
The jumping spider pounces on you but does no damage.
The jumping spider bites you.
The tarantella bites you but does no damage.
You feel much better.
The wolf spider hits you but does no damage.
The wolf spider closely misses you. The jumping spider pounces on you!!
You die...

, , ,,, ,* * ,
* ...... # * ,
.#.#... ##. ,
* .......
..#### ,,
..#.......#..#
* .
......#...## ,
, ...#...
..^..# ,, ,*
.....s.##s.###
, #...ss@....#
, ,,
#$...s†..s.# *
, ,
##.#..>..s.# ,
, #*#.#.#...#
, , ,
###)..>## ***
....## ...##
*..###


You could see a wolf spider (berserk), 3 orb spiders, a jumping spider (berserk)
and 2 tarantellas.

Vanquished Creatures
  A sphinx (D:15)
  Frances (D:14)
  2 entropy weavers (Lair:4)
  A war gargoyle (D:14)
  2 ice dragons (D:15)
  An ettin (D:15)
  Harold (Orc:1)
  Erolcha (D:12)
  A rakshasa (D:14)
  6 hydras
  A catoblepas (D:13)
  6 vault guards (D:14)
  3 centaur warriors
  22 two-headed ogres
  2 tengu warriors (D:15)
  4 ogre magi (Orc:2)
  A queen ant (Lair:4)
  10 death yaks
  Urug (Lair:5)
  7 skeletal warriors
  Nergalle (Lair:1)
  Sonja (D:10)
  An unseen horror (D:12)
  A wizard (D:13)
  An orc knight (Orc:1)
  A wolf spider zombie (D:14)
  4 harpies (D:15)
  A phantasmal warrior (D:14)
  A wolf spider (Spider:1)
  A deep elf mage (D:14)
  2 orc sorcerers (Orc:2)
  2 cyclopes
  5 ugly things (D:14)
  17 elephants
  2 black mambas
  A merfolk siren (Lair:4)
  A torpor snail (Lair:6)
  A gargoyle (D:12)
  13 komodo dragons
  7 spiny frogs
  A rime drake (Lair:4)
  2 freezing wraiths (D:14)
  A tengu conjurer (D:15)
  A redback zombie (D:15)
  5 trolls
  3 jumping spiders (Spider:1)
  3 merfolk (Lair:4)
  7 slime creatures
  2 hornets
  18 blink frogs
  Grinder (D:3)
  A harpy skeleton (D:14)
  10 hippogriffs
  A spriggan (D:12)
  A shadow (D:11)
  A vampire (D:13)
  7 wyverns
  59 yaks
  3 wraiths
  Eustachio (D:4)
  2 basilisks
  5 hungry ghosts
  Edmund (D:6)
  4 wargs
  An acid dragon (D:12)
  10 water moccasins
  25 soldier ants (Lair:4)
  4 porcupines
  27 orc warriors
  5 ice beasts
  6 sky beasts
  2 eyes of draining
  4 black bears
  3 phantoms
  16 wolves
  5 boggarts (D:14)
  A necrophage (D:6)
  37 ogres
  12 centaurs
  9 crocodiles
  2 big kobolds
  19 bullfrogs
  A gnoll sergeant (D:10)
  8 scorpions
  A wyvern skeleton (D:13)
  4 killer bees (D:12)
  2 howler monkeys
  An electric eel (Lair:2)
  10 crimson imps
  7 centaur zombies
  8 hounds
  5 jellies
  Crazy Yiuf (D:6)
  15 orc priests
  2 bullfrog skeletons
  2 centaur skeletons
  A gnoll shaman (Orc:2)
  28 orc wizards
  6 iguanas
  Ijyb (D:4)
  7 hell rats (Lair:6)
  37 worker ants
  3 killer bee zombies
  A hound zombie (D:6)
  4 hound skeletons
  2 worker ant zombies
  9 gnolls
  11 adders
  A shadow imp (D:12)
  2 oozes
  2 adder skeletons (D:4)
  5 worms
  4 dart slugs
  7 leopard geckos
  99 orcs
  6 bats
  8 giant cockroaches
  7 goblins
  7 hobgoblins
  19 jackals
  16 kobolds
  8 quokkas
  4 ball pythons
  4 frilled lizards
  10 rats
  A bush (Lair:6)
  6 fungi
  7 plants
866 creatures vanquished.

Vanquished Creatures (collateral kills)
  A hydra (Lair:1)
1 creature vanquished.

Vanquished Creatures (others)
  10 fungi
  4 plants (Lair:5)
14 creatures vanquished.

Grand Total: 881 creatures vanquished

Notes
Turn   | Place    | Note
-------+----------+-------------------------------------------
     0 | D:1      | vegansnacktivist the Deep Dwarf Fighter began the quest for the Orb.
     0 | D:1      | Reached XP level 1. HP: 20/20 MP: 1/1
   167 | D:1      | Reached XP level 2. HP: 20/27 MP: 2/2
   765 | D:2      | Reached XP level 3. HP: 16/33 MP: 3/3
   939 | D:2      | Reached XP level 4. HP: 30/40 MP: 4/4
   964 | D:2      | Reached skill level 5 in Axes
  1507 | D:2      | Found an opulent altar of Gozag.
  1636 | D:3      | Reached XP level 5. HP: 44/46 MP: 5/5
  1879 | D:3      | Noticed an ogre
  1890 | D:3      | Killed an ogre
  2295 | D:4      | Noticed Grinder
  2295 | D:4      | Noticed an ogre
  2311 | D:3      | Killed Grinder
  2311 | D:3      | Reached XP level 6. HP: 46/55 MP: 5/5
  2489 | D:4      | Found a transporter.
  2499 | D:4      | Reached XP level 7. HP: 38/61 MP: 6/6
  2522 | D:4      | Found a transporter.
  2542 | D:4      | Noticed Ijyb
  2548 | D:4      | Killed Ijyb
  2573 | D:4      | Noticed Eustachio
  2598 | D:4      | Killed Eustachio
  2610 | D:4      | Found a staircase to the Ecumenical Temple.
  2656 | Temple   | Entered the Ecumenical Temple
  2797 | Temple   | Became a worshipper of Makhleb the Destroyer
  2977 | D:4      | Found a shattered altar of Ashenzari.
  3034 | D:5      | Entered Level 5 of the Dungeon
  3059 | D:5      | Reached skill level 10 in Axes
  3180 | D:5      | Reached XP level 8. HP: 48/68 MP: 7/7
  3326 | D:5      | Reached * piety under Makhleb
  3326 | D:5      | Reached skill level 5 in Shields
  3549 | D:5      | Found a glowing golden altar of the Shining One.
  3560 | D:5      | Found a basalt altar of Yredelemnul.
  3805 | D:5      | Noticed an angel
  4016 | D:6      | Gained mutation: You passively map the area around you. [Deep Dwarf growth]
  4016 | D:6      | Reached XP level 9. HP: 46/74 MP: 3/3
  4257 | D:6      | Found a runed door.
  4319 | D:6      | Reached ** piety under Makhleb
  4610 | D:6      | Reached skill level 10 in Shields
  4941 | D:6      | Noticed Crazy Yiuf
  4941 | D:6      | Noticed Edmund
  4949 | D:6      | Killed Edmund
  4953 | D:6      | Killed Crazy Yiuf
  4961 | D:6      | Got a smoking mace
  4962 | D:6      | Identified the +8 mace of Infinite Pain {elec, +Blink rF- MP+9} (You found it on level 6 of the Dungeon)
  5385 | D:7      | Found a hide-covered altar of Uskayaw.
  5547 | D:7      | Reached *** piety under Makhleb
  5774 | D:8      | Reached XP level 10. HP: 44/81 MP: 3/3
  5883 | D:8      | Noticed a two-headed ogre
  5899 | D:8      | Killed a two-headed ogre
  5997 | D:8      | Found a faded altar of an unknown god.
  5997 | D:8      | Found a shadowy altar of Dithmenos.
  6002 | D:8      | Found a faded altar of an unknown god.
  6004 | D:8      | Found an opulent altar of Gozag.
  6006 | D:8      | Found a radiant altar of Vehumet.
  6108 | D:8      | Found a stormy altar of Qazlal.
  6394 | D:8      | Noticed a two-headed ogre
  6400 | D:8      | Killed a two-headed ogre
  6416 | D:8      | Noticed a two-headed ogre
  6420 | D:8      | Killed a two-headed ogre
  6490 | D:8      | Reached **** piety under Makhleb
  6550 | D:9      | Reached skill level 15 in Shields
  6811 | D:9      | Reached XP level 11. HP: 88/88 MP: 4/4
  6874 | D:9      | Reached skill level 5 in Armour
  6927 | D:9      | Found a staircase to the Orcish Mines.
  7055 | D:9      | Found a staircase to the Lair.
  7388 | D:10     | Entered Level 10 of the Dungeon
  7650 | D:10     | Noticed Sonja
  7669 | D:10     | Killed Sonja
  7722 | D:10     | Reached ***** piety under Makhleb
  8071 | D:11     | Noticed a two-headed ogre
  8095 | D:11     | Killed a two-headed ogre
  8095 | D:11     | Reached skill level 10 in Armour
  8254 | D:11     | HP: 4/88 [something (28)]
  8328 | D:11     | Noticed a six-headed hydra
  8332 | D:11     | Killed a six-headed hydra
  8486 | Lair:1   | Entered Level 1 of the Lair of Beasts
  8519 | Lair:1   | Noticed an eight-headed hydra
  8538 | Lair:1   | HP: 4/88 [eight-headed hydra (9)]
  8544 | Lair:1   | Killed an eight-headed hydra
  8544 | Lair:1   | Reached skill level 5 in Invocations
  8544 | Lair:1   | Reached XP level 12. HP: 40/96 MP: 1/3
  8703 | Lair:1   | Noticed Nergalle
  8725 | Lair:1   | Killed Nergalle
  8867 | Lair:1   | Reached skill level 10 in Invocations
  9356 | Lair:2   | Noticed a death yak
  9359 | Lair:2   | Noticed a death yak
  9359 | Lair:2   | Noticed a death yak
  9361 | Lair:2   | Noticed a death yak
  9363 | Lair:2   | Noticed a death yak
  9373 | Lair:1   | Killed a death yak
  9439 | Lair:2   | Found a hole to the Spider Nest.
  9674 | Lair:2   | Killed a death yak
  9676 | Lair:2   | Killed a death yak
  9693 | Lair:2   | Killed a death yak
  9708 | Lair:2   | Killed a death yak
  9767 | Lair:2   | was on phone
 10262 | Lair:3   | Reached ****** piety under Makhleb
 10313 | Lair:3   | Noticed an eight-headed hydra
 10336 | Lair:3   | Killed an eight-headed hydra
 10336 | Lair:3   | Reached XP level 13. HP: 71/102 MP: 5/5
 10761 | Lair:3   | Reached skill level 15 in Invocations
 11209 | Lair:4   | Reached skill level 1 in Dodging
 11385 | Lair:4   | Noticed an entropy weaver
 11394 | Lair:4   | Killed an entropy weaver
 11411 | Lair:4   | Reached skill level 5 in Dodging
 11444 | Lair:4   | Gained mutation: You are dopey. (Int -2) [potion of mutation]
 11444 | Lair:4   | Gained mutation: You are resistant to electric shocks. (rElec) [potion of mutation]
 11593 | Lair:4   | Noticed an entropy weaver
 11607 | Lair:4   | Killed an entropy weaver
 11702 | Lair:4   | Found a staircase to the Shoals.
 12190 | Lair:5   | Reached skill level 10 in Dodging
 12359 | Lair:5   | Noticed Urug
 12365 | Lair:5   | Found a viscous altar of Jiyva.
 12383 | Lair:5   | Killed Urug
 12383 | Lair:5   | Gained mutation: You resist negative energy. (rN+) [Deep Dwarf growth]
 12383 | Lair:5   | Reached XP level 14. HP: 84/109 MP: 6/6
 12384 | Lair:5   | Found a staircase to the Slime Pits.
 12868 | Lair:6   | Entered Level 6 of the Lair of Beasts
 13954 | D:12     | Noticed Erolcha
 13964 | D:12     | Killed Erolcha
 14144 | D:12     | Reached skill level 5 in Evocations
 14619 | D:13     | Got a twisted shield
 14636 | D:13     | Identified the cursed -8 shield of Dice, Bag, and Bottle {rN+} (You found it on level 13 of the Dungeon)
 15183 | D:13     | Found a portal to a secret trove of treasure.
 15314 | D:13     | Reached skill level 10 in Evocations
 15453 | Trove    | Entered a treasure trove
 15497 | Trove    | Got a fine silver amulet
 15499 | Trove    | Got a serpentine copper amulet
 15585 | D:13     | Identified the amulet "Fapt" {RegenMP Int+3} (You found it in a treasure trove)
 15587 | D:13     | Identified the amulet of the Nightingale {RegenMP rF- Int+3 Slay+4 SInv} (You found it in a treasure trove)
 15832 | Orc:1    | Entered Level 1 of the Orcish Mines
 15883 | Orc:1    | Noticed Harold
 15900 | Orc:1    | Killed Harold
 16228 | Orc:2    | Entered Level 2 of the Orcish Mines
 16228 | Orc:2    | Found a staircase to the Elven Halls.
 16342 | Orc:2    | Found Xeifon's Assorted Antiques.
 16342 | Orc:2    | Found Vuumnatse's Antique Weapon Shop.
 16342 | Orc:2    | Found Xumibbuumu's Gadget Boutique.
 16342 | Orc:2    | Found Ohaopie's Book Shoppe.
 16350 | Orc:2    | Reached XP level 15. HP: 84/120 MP: 6/6
 16363 | Orc:2    | Reached skill level 5 in Fighting
 16463 | Orc:2    | Bought a scroll of blinking for 270 gold pieces
 16463 | Orc:2    | Bought an orange potion for 32 gold pieces
 16463 | Orc:2    | Bought a scroll of identify for 72 gold pieces
 16463 | Orc:2    | Bought a runed shield for 270 gold pieces
 16509 | Orc:2    | Found a roughly hewn altar of Beogh.
 17336 | D:14     | Noticed Frances
 17350 | D:14     | Killed Frances
 17540 | D:14     | Reached skill level 10 in Fighting
 17644 | D:14     | Found a gate to the Vaults.
 18065 | D:14     | Found a sparkling altar of Nemelex Xobeh.
 18097 | D:14     | Reached XP level 16. HP: 119/148 MP: 6/6
 18124 | D:15     | Entered Level 15 of the Dungeon
 18195 | D:15     | Noticed a sphinx
 18242 | D:15     | Killed a sphinx
 18242 | D:15     | Reached XP level 17. HP: 142/154 MP: 7/7
 18261 | D:15     | Identified Teenuen's Tome of Icy Enhancements
 18725 | D:15     | Found a staircase to the Depths.
 19144 | Spider:1 | Entered Level 1 of the Spider Nest
 19168 | Spider:1 | HP: 1/154 [jumping spider (7)]
 19169 | Spider:1 | Slain by a jumping spider

Vault maps used:
D:1:      dpeg_arrival_signposts, minmay_misc_feat_iff, minmay_ruptured
D:2:      first_ration, grunt_gozag_breadcrumbs
D:3:      grunt_decor_arrowhead
D:4:      gammafunk_steamed_eel, minmay_temple_entry_statues_pillars,
          roderic_cross_of_infinity, cheibrodos_ashenzari_chains, uniq_ijyb,
          uniq_grinder, uniq_eustachio
D:5:      grunt_temple_overflow_holy_war
D:6:      uniq_crazy_yiuf_cottage, uniq_edmund
D:7:      basic_altar
D:8:      cheibrodos_barr_body, chequers_temple_overflow_minitemple,
          kennysheep_little_box
D:9:      grunt_lair_entry_orc_guard_hut, david_orc_4
D:10:     serial_column_ruins, column_ruins_hut, column_ruins_hut_ruined,
          column_ruins_open_medium, column_ruins_open_small,
          column_ruins_corridor_straight, column_ruins_columns_straight,
          column_ruins_corridor_straight, uniq_sonja
D:12:     the_bakery, uniq_erolcha
D:13:     nicolae_trove_entry_crystal, st_stairs_1
D:14:     erik_vaults_2, nemelex_xobeh_ov_fountains_minmay, uniq_frances
D:15:     grunt_enter_depths_hoard, minmay_radiant
Temple:   nicolae_temple_elliptical
Lair:1:   lab_entry_generic, grunt_megastairs_1, uniq_nergalle
Lair:2:   nicolae_spider_entry_non_spiders, infiniplex_staircase_pool
Lair:3:   serial_bayou_lagoon_a, grunt_megastairs_2
Lair:4:   elwin_shoals_entry_stream, minivault_29, grunt_megastairs_3
Lair:5:   slime_altar_1, hangedman_lair_unloving_vines, beast_lair_carwin_4,
          uniq_urug
Lair:6:   due_jungle_book
Spider:1: gammafunk_its_a_trap, spider_trap
Orc:1:    uniq_harold
Orc:2:    st_orc_ogre_mass, basic_altar
Trove:    trove_garden

Skill      XL: |  1  2  3  4  5  6  7  8  9 10 11 12 13 14 15 16 17 |
---------------+----------------------------------------------------+-----
Axes           | 3 4 5 8 10 11 12 13 | 13.6
Shields        | 4 8 12 15 | 15.0
Armour         | 4 10 | 10.9
Invocations    | 5 14 15 | 15.0
Dodging        | 11 13 | 13.1
Evocations     | 10 | 10.5
Fighting       | 4 10 | 10.6

Action                   |  1- 3 |  4- 6 |  7- 9 | 10-12 | 13-15 | 16-18 || total
-------------------------+-------+-------+-------+-------+-------+-------++-------
Melee: War axe           |    99 |   161 |   317 |   682 |  1243 |   179 ||  2681
       Mace              |       |       |    93 |     5 |       |       ||    98
Throw: Tomahawk          |       |       |       |     1 |       |       ||     1
       Throwing net      |       |       |       |       |     1 |       ||     1
       Javelin           |       |       |       |       |     7 |       ||     7
Invok: Minor Destruction |       |       |       |     7 |       |       ||     7
       Major Destruction |       |       |       |     1 |       |       ||     1
 Abil: Heal Wounds       |     1 |     2 |    21 |    31 |     9 |     1 ||    65
Evoke: Wand              |       |       |    10 |    32 |    37 |       ||    79
       Lamp of fire      |       |       |       |     2 |     1 |       ||     3
       Box of beasts     |       |       |       |     1 |       |       ||     1
       Phantom mirror    |       |       |       |     1 |       |       ||     1
  Use: Scroll            |       |       |       |    13 |    13 |       ||    26
       Potion            |       |       |       |       |     7 |     2 ||     9
 Stab: Paralysed         |       |       |    13 |    11 |     4 |       ||    28
       Petrified         |       |       |       |       |     2 |       ||     2
  Eat: Chunk             |       |     6 |    10 |    12 |    23 |     2 ||    53
       Ration            |       |       |       |     2 |     2 |     1 ||     5
Armor: Scale mail        |    44 |    73 |   120 |   243 |    33 |       ||   513
       Chain mail        |       |       |       |       |   457 |    99 ||   556
Dodge: Dodged            |    30 |    54 |   122 |   293 |   716 |   134 ||  1349
Block: Shield            |    61 |    88 |   202 |   593 |  1094 |   176 ||  2214

Table legend:
 A = Spawn XP
 B = Non-spawn XP
 C = Spawn XP percentage of total XP
 D = Spawn monster count
 E = Non-spawn monster count
 F = Spawn count percentage of total count
 G = Total turns spent on level
                    A         B        C        D         E        F      G
               +---------+---------+-------+---------+---------+-------+---------
         Total |       0 |  166843 |   0.0 |       0 |     853 |   0.0 | 19169
               +---------+---------+-------+---------+---------+-------+---------
           D:1 |       0 |      39 |   0.0 |       0 |      23 |   0.0 |   751
           D:2 |       0 |     103 |   0.0 |       0 |      28 |   0.0 |   840
           D:3 |       0 |     498 |   0.0 |       0 |      27 |   0.0 |   734
           D:4 |       0 |     580 |   0.0 |       0 |      14 |   0.0 |   526
           D:5 |       0 |     767 |   0.0 |       0 |      29 |   0.0 |   805
           D:6 |       0 |    1937 |   0.0 |       0 |      45 |   0.0 |  1154
           D:7 |       0 |    1496 |   0.0 |       0 |      31 |   0.0 |   766
           D:8 |       0 |    4596 |   0.0 |       0 |      34 |   0.0 |   784
           D:9 |       0 |    2265 |   0.0 |       0 |      39 |   0.0 |  1035
          D:10 |       0 |    2252 |   0.0 |       0 |      25 |   0.0 |   751
          D:11 |       0 |    6182 |   0.0 |       0 |      42 |   0.0 |   459
          D:12 |       0 |    7400 |   0.0 |       0 |      44 |   0.0 |   843
          D:13 |       0 |   10109 |   0.0 |       0 |      45 |   0.0 |  1057
          D:14 |       0 |   25441 |   0.0 |       0 |      54 |   0.0 |  1112
          D:15 |       0 |   15554 |   0.0 |       0 |      31 |   0.0 |   874
        Lair:1 |       0 |    9373 |   0.0 |       0 |      41 |   0.0 |   993
        Lair:2 |       0 |    6449 |   0.0 |       0 |      26 |   0.0 |   876
        Lair:3 |       0 |    5866 |   0.0 |       0 |      15 |   0.0 |   969
        Lair:4 |       0 |   17098 |   0.0 |       0 |      74 |   0.0 |   995
        Lair:5 |       0 |    6396 |   0.0 |       0 |      19 |   0.0 |   721
        Lair:6 |       0 |   13437 |   0.0 |       0 |      52 |   0.0 |   629
      Spider:1 |       0 |    1491 |   0.0 |       0 |       4 |   0.0 |    25
         Orc:1 |       0 |    3295 |   0.0 |       0 |      36 |   0.0 |   509
         Orc:2 |       0 |   24219 |   0.0 |       0 |      75 |   0.0 |   672
               +---------+---------+-------+---------+---------+-------+---------
